 Dungeon Crawl Stone Soup version 0.30.1-4-g462c640d31 (webtiles) character file.

Game seed: 3994598099743279809

1340 monsoonserge the Slicer (level 8, -3/61 HPs)
             Began as a Merfolk Gladiator on Sept 13, 2023.
             Was an Initiate of Uskayaw.
             Slain by an ogre
             ... wielding a +0 giant club
              (25 damage)
             ... on level 6 of the Dungeon.
             The game lasted 00:15:14 (5395 turns).

monsoonserge the Slicer (Merfolk Gladiator)         Turns: 5395, Time: 00:15:16

Health: -3/61      AC: 11    Str: 15    XL:     8   Next: 62%
Magic:  5/9        EV:  9    Int:  7    God:    Uskayaw [......]
Gold:   443        SH:  0    Dex: 17    Spells: 7/7 levels left

rFire   . . .        a - +0 rapier
rCold   . . .        (no shield)
rNeg    . . .        B - +0 chain mail
rPois   +            c - +0 helmet
rElec   .            m - +0 cloak
rCorr   +            (no gloves)
SInv    .            (no boots)
Will    .....        (no amulet) Stlth
                     u - ring of resist corrosion
HPRegen 0.30/turn    z - ring of poison resistance
MPRegen 0.11/turn

%: no passive effects
@: no status effects
A: (nimble swimmer 2), mertail
a: Renounce Religion


You were on level 6 of the Dungeon.
You worshipped Uskayaw.
Uskayaw was noncommittal.
You visited 2 branches of the dungeon, and saw 7 of its levels.

You collected 443 gold pieces.

Inventory:

Hand Weapons
 a - a +0 rapier (weapon)
Missiles
 d - 4 throwing nets
 e - 7 javelins (quivered)
 h - 5 poisoned darts
 k - 3 curare-tipped darts
Armour
 c - a +0 helmet (worn)
 m - a +0 cloak (worn)
 B - a +0 chain mail (worn)
Magical Staves
 y - a staff of earth
Jewellery
 u - a ring of resist corrosion (left hand)
 z - a ring of poison resistance (right hand)
 C - an amulet of the acrobat
Wands
 w - a wand of flame (28)
Scrolls
 b - a scroll of immolation {unknown}
 f - 6 scrolls of teleportation {unknown}
 g - a scroll of silence {unknown}
 i - 2 scrolls of fear {unknown}
 l - a scroll of enchant weapon {unknown}
 p - 2 scrolls of vulnerability {unknown}
 r - a scroll of summoning {unknown}
 s - a scroll of enchant armour {unknown}
 v - a scroll of magic mapping {unknown}
 A - a scroll of poison {unknown}
 E - a scroll of identify {unknown}
Potions
 j - 2 potions of brilliance
 n - a potion of lignification {unknown}
 o - a potion of curing
 t - 3 potions of attraction {unknown}
 x - 2 potions of degeneration {unknown}
 D - a potion of mutation {unknown}
Miscellaneous
 q - a piece from Xom's chessboard (15/15)


   Skills:
 + Level 4.4 Fighting
 + Level 8.6 Short Blades
 + Level 2.5 Throwing
 + Level 3.9 Armour
 + Level 5.8 Dodging
 + Level 1.3 Stealth
 * Level 1.9 Invocations


You had 7 spell levels left.
You didn't know any spells.
Your spell library contained the following spells:

 Spells                   Type           Power      Damage    Failure   Level
 Apportation              Tloc           0%         N/A       99%         1
 Shock                    Conj/Air       0%         1d3       99%         1
 Slow                     Hex            0%         N/A       99%         1
 Call Canine Familiar     Summ           0%         N/A       100%        3
 Confusing Touch          Hex            0%         N/A       100%        3
 Portal Projectile        Hex/Tloc       0%         N/A       100%        3
 Swiftness                Air            0%         N/A       100%        3
 Vampiric Draining        Necr           0%         2d6       100%        3
 Airstrike                Air            0%         2d(0-16)  100%        4
 Leda's Liquefaction      Hex/Erth       0%         N/A       100%        4
 Alistair's Intoxication  Tmut/Pois      0%         N/A       100%        5


Dungeon Overview and Level Annotations

Branches:
Dungeon (6/15)             Temple (1/1) D:5

Altars:
Ashenzari
Cheibriados
Dithmenos
Elyvilon
Fedhas
Gozag
Makhleb
Nemelex Xobeh
Okawaru
Qazlal
Ru
Sif Muna
Trog
Uskayaw
Vehumet
Wu Jian
Xom
Yredelemnul
Zin

Annotations:
D:5 Dowan, Duvessa


Innate Abilities, Weirdness & Mutations

((You are very nimble when in or above water. (Stealth+, EV+, Speed+++)))
Your lower body shifts to a powerful aquatic tail in water.


Message History

Aim: a water moccasin (46% to hit)
You throw a javelin.
The javelin completely misses the water moccasin.
Unknown command.
Throw: 8 javelins
Press: ? - help, Q - select action, (/) - cycle Shift-Dir - straight line, f/p - water moccasin
Aim: a water moccasin (46% to hit)
You throw a javelin. The javelin misses the water moccasin.
The water moccasin closely misses you.
You miss the water moccasin.
The water moccasin bites you but does no damage.
You miss the water moccasin.
You punch the water moccasin, but do no damage.
The water moccasin bites you.
You hit the water moccasin.
The water moccasin is lightly wounded.
The water moccasin barely misses you.
You hit the water moccasin but do no damage.
The water moccasin misses you.
You closely miss the water moccasin. The water moccasin bites you.
You closely miss the water moccasin.
The water moccasin bites you but does no damage.
You hit the water moccasin but do no damage.
The water moccasin closely misses you.
You barely miss the water moccasin. The water moccasin barely misses you.
The water moccasin bites you.
You hit the water moccasin.
The water moccasin is lightly wounded.
The water moccasin bites you but does no damage.
You hit the water moccasin but do no damage.
The water moccasin is lightly wounded.
The water moccasin barely misses you.
Okay, then.
You stomp with the beat, sending a shockwave through the revellers around you!
The water moccasin is moderately wounded.
The ogre is moderately wounded.
You can no longer stomp with the beat.
The water moccasin barely misses you.
The ogre hits you with a +0 giant club!!
You die...

.######## .# #
...(.# )# #.
..... .# #..
....# # .#
#..##...# .# .#
#.......###...
.#
#.............
.#
#....OS.......
.#######
#.....@.......
........
......$........
........
.#.............
........
####..........
........
...........
........
............
........
##...........
........
....###..#..
........


You could see a water moccasin and an ogre.

Vanquished Creatures
  Prince Ribbit (D:5)
  Edmund (D:5)
  3 ogres
  A kobold brigand (D:5)
  A scorpion (D:5)
  An orc priest (D:3)
  2 jellies
  Crazy Yiuf (D:4)
  2 gnoll boudas
  2 hounds
  Natasha (thrice) (D:2)
  3 orc wizards
  14 gnolls
  5 adders
  2 worms (D:2)
  4 dart slugs
  6 orcs
  6 bats
  2 endoplasms
  2 giant cockroaches (D:3)
  2 goblins (D:2)
  8 hobgoblins
  3 jackals (D:3)
  11 kobolds
  3 quokkas (D:1)
  11 ball pythons
  4 frilled lizards
  3 rats
  A spectral goblin (D:2)
108 creatures vanquished.

Notes
Turn   | Place    | Note
-------+----------+-------------------------------------------
     0 | D:1      | monsoonserge the Merfolk Gladiator began the quest for the
                  | Orb.
     0 | D:1      | Reached XP level 1. HP: 16/16 MP: 1/1
    85 | D:1      | Reached XP level 2. HP: 18/22 MP: 2/2
   116 | D:1      | Reached skill level 4 in Short Blades
   529 | D:2      | Reached XP level 3. HP: 11/28 MP: 3/3
   755 | D:2      | Found a faded altar of an unknown god.
   814 | D:2      | Noticed Natasha
   837 | D:2      | Killed Natasha
   838 | D:2      | Reached skill level 1 in Armour
   838 | D:2      | Reached XP level 4. HP: 11/34 MP: 4/4
   875 | D:2      | Noticed Natasha
   976 | D:2      | Killed Natasha
  1167 | D:2      | Noticed Natasha
  1188 | D:2      | Killed Natasha
  1189 | D:2      | Reached skill level 5 in Short Blades
  1189 | D:2      | Reached XP level 5. HP: 25/39 MP: 5/5
  1657 | D:3      | Reached skill level 5 in Dodging
  1842 | D:3      | Found a shimmering altar of Xom.
  2012 | D:3      | Reached XP level 6. HP: 46/46 MP: 6/6
  2347 | D:3      | Reached skill level 6 in Short Blades
  2749 | D:4      | Found a sparkling altar of Nemelex Xobeh.
  3093 | D:4      | Found a runed translucent door.
  3094 | D:4      | Noticed Crazy Yiuf
  3144 | D:5      | Entered Level 5 of the Dungeon
  3269 | D:4      | Reached XP level 7. HP: 12/52 MP: 7/7
  3547 | D:4      | Killed Crazy Yiuf
  3812 | D:5      | Noticed Edmund
  3812 | D:5      | Noticed Duvessa
  3813 | D:5      | Noticed Dowan
  4095 | D:5      | Noticed Prince Ribbit
  4124 | D:5      | Killed Prince Ribbit
  4125 | D:5      | Reached skill level 7 in Short Blades
  4125 | D:5      | Reached skill level 1 in Stealth
  4252 | D:5      | Reached XP level 8. HP: 27/60 MP: 8/8
  4490 | D:5      | Killed Edmund
  4542 | D:5      | Reached skill level 8 in Short Blades
  4751 | D:5      | Found a staircase to the Ecumenical Temple.
  4758 | Temple   | Entered the Ecumenical Temple
  4894 | Temple   | Became a worshipper of Uskayaw the Reveller
  5030 | D:5      | Reached * piety under Uskayaw
  5182 | D:6      | Reached ** piety under Uskayaw
  5256 | D:5      | Reached skill level 1 in Invocations
  5395 | D:6      | Slain by an ogre

Illustrated notes

Levels and vault maps discovered:
D:1:      co_arrival_square_in_a_square_in_a_square, layout_rooms,
          dk_noncrumbling_3
D:2:      layout_basic, dreamdust_ecumenical_altar_drowned_temple,
          minmay_heptomino_l4, uniq_natasha
D:3:      layout_rooms, xom_butterflies, minmay_gold_behind_fungi
D:4:      layout_rooms, mainiacjoe_overflow_boulevard, uniq_crazy_yiuf_cottage
D:5:      layout_loops_ring, minmay_temple_entry_grid, uniq_edmund,
          uniq_prince_ribbit1, uniq_duvessa
D:6:      layout_basic, lightli_ossuary_entry_decrepit_ruins, kennysheep_path_1,
          eino_small_chamber_without_monster, minivault_27
Temple:   nicolae_temple_bog_church

Skill      XL: |  1  2  3  4  5  6  7  8 |
---------------+-------------------------+-----
Short Blades   | 4 5 6 7 8 |  8.6
Armour         | 1 2 3 |  3.9
Dodging        | 5 |  5.8
Fighting       | 3 4 |  4.4
Stealth        | 1 |  1.3
Invocations    | 1 |  1.9
Throwing       | |  2.5

Action                     |  1- 3 |  4- 6 |  7- 9 || total
---------------------------+-------+-------+-------++-------
  Melee: Rapier            |   103 |   231 |   228 ||   562
         Punch             |     1 |     4 |     5 ||    10
  Throw: Javelin           |       |       |     7 ||     7
         Throwing net      |       |       |     2 ||     2
         Dart              |       |       |     3 ||     3
 Invoke: Stomp             |       |       |     6 ||     6
    Use: Potion            |       |       |     3 ||     3
   Stab: Held in net/web   |       |       |     1 ||     1
 Armour: Leather armour    |    38 |    24 |       ||    62
         Scale mail        |       |    34 |       ||    34
         Chain mail        |       |    10 |    69 ||    79
  Dodge: Dodged            |   103 |   126 |    85 ||   314
